 Seeded DCSS version 0.29.1-12-g30fa7ad0bf (webtiles) character file.

Game seed: 18334199546629406935 (custom seed)

59 mathmaestro the Grave Robber (level 3, 0/26 HPs)
             Began as a Demonspawn Necromancer on Jan 7, 2023.
             Constricted to death by a ball python (1 damage)
             ... in a sewer.
             The game lasted 00:05:30 (1962 turns).

mathmaestro the Grave Robber (DsNe)                 Turns: 1962, Time: 00:05:31

Health: 0/26       AC:  5    Str: 14    XL:     3   Next: 78%
Magic:  0/6        EV:  9    Int: 18    God:
Gold:   100        SH:  0    Dex: 13    Spells: 2/6 levels left

rFire   . . .      SeeInvis .   j - +4 whip
rCold   . . .      Faith    .   (no shield)
rNeg    . . .      Spirit   .   q - +0 leather armour
rPois   .          Reflect  .   (no helmet)
rElec   .          Harm     .   (no cloak)
rCorr   .          Rampage  .   l - +0 pair of gloves
Will    .....                   (no boots)
Stlth   ++........              (no amulet)
HPRegen 0.08/turn               g - +6 ring of strength
MPRegen 0.10/turn               (no ring)

@: mighty, lethally poisoned (0 -> -8), constricted
A: rugged brown scales 1
a: no special abilities


You were in a sewer.
You visited 1 branch of the dungeon, and saw 3 of its levels.
You also visited: Sewer.

You collected 100 gold pieces.

Inventory:

Hand Weapons
 j - a +4 whip (weapon)
 m - a +0 hand axe
Armour
 a - a +0 robe
 l - a +0 pair of gloves (worn)
 q - a +0 leather armour (worn)
Jewellery
 g - a +6 ring of strength (left hand)
Scrolls
 e - 4 scrolls of identify {unknown}
 f - a scroll of immolation {unknown}
 k - 3 scrolls of teleportation {unknown}
 n - a scroll of blinking {unknown}
 o - a scroll of poison {unknown}
 s - a scroll of magic mapping {unknown}
Potions
 b - a potion of magic
 c - 2 potions of curing {unknown}
 d - 2 potions of attraction {unknown}
 h - 2 potions of haste {unknown}
 i - a potion of might
 p - a potion of flight {unknown}
 r - a potion of degeneration {unknown}
 t - a potion of heal wounds {unknown}
 u - a potion of cancellation {unknown}


   Skills:
 + Level 1.2 Fighting
 + Level 2.3 Dodging
 + Level 2.3 Stealth
 + Level 2.4 Spellcasting
 + Level 4.7 Necromancy


You had 2 spell levels left.
You knew the following spells:

 Your Spells              Type           Power      Damage    Failure   Level
a - Necrotise             Necr           76%        1d7       3%          1
b - Vampiric Draining     Necr           19%        2d7       10%         3

Your spell library contained the following spells:

 Spells                   Type           Power      Damage    Failure   Level
 Slow                     Hex            8%         N/A       22%         1
 Animate Dead             Necr           19%        N/A       30%         4
 Confusing Touch          Hex            2%         N/A       54%         3
 Agony                    Necr           19%        N/A       65%         5


Dungeon Overview and Level Annotations

Branches:
Dungeon (3/15)              Sewer (1/1)

Altars:


Innate Abilities, Weirdness & Mutations

You are partially covered in rugged brown scales. (AC +1, +3% HP)


Message History

The ball python constricts you. The adder bites you but does no damage.
Unknown command.
You closely miss the adder.
The adder is almost dead.
The ball python bites you but does no damage.
The ball python constricts you. The river rat bites you.
The adder barely misses you. The ball python barely misses you.
The ball python constricts you.
The ball python's grasp on you weakens, but your attempt to escape fails.
The adder bites you. The river rat closely misses you.
The ball python bites you. The ball python constricts you.
Unknown command.
You escape the ball python's grasp.
The adder bites you but does no damage. x2
The river rat barely misses you. The ball python closely misses you. x2
Your magical contamination has completely faded away.
You barely miss the adder.
The adder is almost dead.
The adder bites you but does no damage. The ball python barely misses you.
The ball python grabs you. The ball python constricts you.
The river rat bites you.
You miss the adder.
The adder is almost dead.
The adder barely misses you.
The ball python bites you but does no damage.
The ball python constricts you.
* * * LOW HITPOINT WARNING * * *
The river rat bites you.
* * * LOW HITPOINT WARNING * * *
The adder barely misses you.
It was a potion of might.
You feel very mighty all of a sudden. The ball python bites you.
* * * LOW HITPOINT WARNING * * *
The ball python constricts you. The adder bites you.
* * * LOW HITPOINT WARNING * * *
You are lethally poisoned!
The adder poisons you! The river rat misses you. The ball python bites you.
* * * LOW HITPOINT WARNING * * *
The ball python constricts you.
You die...

. ####################...
###.#≈≈~~≈≈≈≈≈#~~≈≈≈.....
##....~~~≈~≈≈~.~r≈~~~.....
##....~≈~~~≈~≈~.@S≈~≈~.....
#......~≈~~~~≈~..S≈~~~~....
#.....~≈≈≈~~~~..~≈≈~~~~...#
#.....#~≈≈≈≈~~#.#≈≈≈≈~..###
#....####################
#...#### ....#..# ....'..#
...#####


You could see an adder, a river rat and a ball python.

Vanquished Creatures
  A worm (D:3)
  4 endoplasms
  A giant cockroach (D:1)
  A goblin (D:3)
  3 hobgoblins
  2 quokkas
  14 ball pythons
  4 bats
  4 kobolds
  19 rats
53 creatures vanquished.

Vanquished Creatures (collateral kills)
  A ball python (D:3)
  5 rats
6 creatures vanquished.

Grand Total: 59 creatures vanquished

Notes
Turn   | Place    | Note
-------+----------+-------------------------------------------
     0 | D:1      | mathmaestro the Demonspawn Necromancer began the quest for
                  | the Orb.
     0 | D:1      | Reached XP level 1. HP: 13/13 MP: 3/3
   312 | D:1      | Gained mutation: You are partially covered in rugged brown
                  | scales. (AC +1, +3% HP) [demonic ancestry]
   312 | D:1      | Reached XP level 2. HP: 14/20 MP: 1/5
  1244 | D:2      | Reached skill level 1 in Fighting
  1244 | D:2      | Reached XP level 3. HP: 26/26 MP: 4/6
  1248 | D:2      | Learned a level 3 spell: Vampiric Draining
  1614 | D:3      | Found a glowing drain.
  1640 | Sewer    | Entered a sewer
  1962 | Sewer    | HP: 1/26 [ball python (1)]
  1962 | Sewer    | Constricted to death by a ball python

Illustrated notes

Levels and vault maps discovered:
D:1:      shiori_shiawase, layout_loops_ring, st_stairs_7
D:2:      layout_basic, minmay_large_rounded_square
D:3:      layout_basic, portal_sewer_entry_a, hellmonk_ecumenical_altar_blasted
Sewer:    sewer_minmay_w

Skill      XL: |  1  2 |
---------------+-------+-----
Stealth        | 2 |  2.3
Dodging        | 2 |  2.3
Fighting       | 1 |  1.2
Spellcasting   | |  2.4
Necromancy     | |  4.7

Action                   || total
-------------------------++-------
Melee: Whip              ||    19
 Cast: Necrotise         ||    70
  Use: Potion            ||     1
Armor: Robe              ||     6
       Leather armour    ||    16
Dodge: Dodged            ||    39
